 Dungeon Crawl Stone Soup version 0.26-a0-491-g70697cc071 (webtiles) character file.

Game seed: 16547938428901807496

54 KristoblXynda the Sneak (level 3, -2/42 HPs)
             Began as a Vampire Brigand on Aug 5, 2020.
             Killed by divine providence
             ... invoked by an orc priest
              (13 damage)
             ... on level 3 of the Dungeon.
             The game lasted 00:03:19 (1789 turns).

KristoblXynda the Sneak (Vampire Brigand)           Turns: 1789, Time: 00:03:19

Health: -2/42      AC: 21    Str: 11    XL:     3   Next: 66%
Magic:  3/3        EV:  2    Int: 13    God:
Gold:   165        SH:  0    Dex: 15    Spells: 2/2 levels left

rFire    . . .     SeeInvis +   a - +2 dagger
rCold    . . .     Faith    .   (no shield)
rNeg     + + +     Spirit   .   (armour currently unavailable)
rPois    +         Reflect  .   (helmet currently unavailable)
rElec    .         Harm     .   (cloak currently unavailable)
rCorr    .         NoTele   +   (gloves currently unavailable)
MR       .....                  (boots currently unavailable)
Stlth    ++++......             (no amulet)
HPRegen  0.34/turn              m - ring of stealth
MPRegen  0.08/turn              (no ring)

@: tree-form, regenerating quickly
A: see invisible
a: Exsanguinate


You were on level 3 of the Dungeon.
You were a tree.
You visited 1 branch of the dungeon, and saw 3 of its levels.

You collected 165 gold pieces.

Inventory:

Hand Weapons
 a - a +2 dagger (weapon)
Missiles
 d - 8 poisoned darts (quivered)
 e - 2 curare-tipped darts
Armour
 b - a +0 robe (melded)
 c - a +0 cloak (melded)
 h - a +0 hat (melded)
Jewellery
 i - an uncursed ring of ice
 m - a ring of stealth (left branch)
 q - a +4 ring of protection {unknown}
 t - an uncursed amulet of magic regeneration {unknown}
Scrolls
 g - 4 scrolls of remove curse {unknown}
 k - 2 scrolls of identify
 l - a scroll of fear {unknown}
 s - a scroll of teleportation {unknown}
 v - a scroll of enchant weapon {unknown}
Potions
 f - a potion of degeneration
 n - 2 potions of curing
 o - a potion of stabbing {unknown}
 p - a potion of cancellation
 r - a potion of haste
 u - 2 potions of brilliance
 w - a potion of magic


   Skills:
 + Level 2.3 Fighting
 + Level 2.8 Short Blades
 - Level 1.5 Throwing
 + Level 0.7 Armour
 + Level 2.1 Dodging
 - Level 6.1 Stealth


You had 2 spell levels left.
You didn't know any spells.
Your spell library contained the following spells:

 Spells                   Type           Power        Failure   Level
 Summon Small Mammal      Summ           #...         30%         1
 Call Imp                 Summ           #.......     43%         2
 Call Canine Familiar     Summ           #.......     67%         3
 Summon Guardian Golem    Hex/Summ       #.......     67%         3
 Summon Ice Beast         Ice/Summ       #.......     97%         4
 Summon Lightning Spire   Summ/Air       #.......     97%         4


Dungeon Overview and Level Annotations

Branches:
Dungeon (3/15)

Altars:
The Shining One


Innate Abilities, Weirdness & Mutations

Your natural rate of healing is unusually fast.
((You have razor-sharp teeth.))
You have supernaturally acute eyesight. (SInv)
((You can survive without breathing.))


Message History

The orc wizard hits you but does no damage.
You hit the orc wizard but do no damage.
The orc wizard is moderately wounded.
The orc wizard hits you but does no damage.
The orc priest looks encouraged for a moment.
You hit the orc wizard.
The orc wizard is moderately wounded.
The orc wizard hits you but does no damage.
You hit the orc wizard.
The orc wizard is severely wounded.
The orc wizard hits you but does no damage.
You hit the orc wizard.
The orc wizard is almost dead.
The orc wizard points at you and mumbles some strange words.
The magic dart hits you!
* * * LOW HITPOINT WARNING * * *
The orc wizard hits you but does no damage.
The orc priest invokes the aid of Beogh against you.
Beogh smites you!
You die...

### .... # ..... ##.
.....# .##..o#####....(
####...
...._oo♣$.......#<......
###..o##................
##. #..##.#.##.......
#.###..##.#.##.......
#.......(...##.>.....
#...........##.......
#.....^.......<......
.........<...####.....
###...........# ##.##.


You could see an orc priest, an orc wizard (fast) and 2 orcs.

Vanquished Creatures
  An ooze (D:1)
  2 worms (D:2)
  2 dart slugs (D:1)
  2 leopard geckos
  2 orcs (D:3)
  A ball python (D:3)
  A giant cockroach (D:1)
  6 goblins
  A hobgoblin (D:1)
  4 jackals (D:2)
  A quokka (D:2)
  5 bats
  A frilled lizard (D:1)
  2 kobolds (D:1)
  7 rats
38 creatures vanquished.

Notes
Turn   | Place    | Note
-------+----------+-------------------------------------------
     0 | D:1      | KristoblXynda the Vampire Brigand began the quest for the
                  | Orb.
     0 | D:1      | Reached XP level 1. HP: 16/16 MP: 1/1
    43 | D:1      | Reached skill level 6 in Stealth
    83 | D:1      | Reached XP level 2. HP: 17/22 MP: 2/2
   861 | D:2      | Reached XP level 3. HP: 25/27 MP: 3/3
  1758 | D:3      | Found a glowing golden altar of the Shining One.
  1789 | D:3      | Killed from afar by an orc priest

Illustrated notes

Levels and vault maps discovered:
D:1:      dpeg_arrival_tiny_i, layout_basic, ebering_dispersal_statue_hall,
          minmay_pentomino_v4
D:2:      layout_loops_ring
D:3:      layout_rooms, old_standard_altar, nicolae_overflow_crystal_walls,
          ebering_ghost_sewer_d

Skill      XL: |  1  2  3 |
---------------+----------+-----
Fighting       | 2 |  2.3
Stealth        | 6 |  6.1
Dodging        | 2 |  2.1
Short Blades   | |  2.8
Throwing       | |  1.5
Armour         | |  0.7

Action                   || total
-------------------------++-------
Melee: Dagger            ||   113
       Bite              ||     6
Throw: Dart              ||     6
  Use: Scroll            ||     6
       Potion            ||     2
 Stab: Sleeping          ||    17
Armor: Robe              ||    14
       Skin              ||    15
Dodge: Dodged            ||    47

Table legend: (Time is in decaauts)
 A = Elapsed time spent in this place.
 B = Non-inter-level travel time spent in this place.
 C = Inter-level travel time spent in this place.
 D = Time resting spent in this place.
 E = Time spent auto-exploring this place.
 F = Levels seen in this place.
 G = Mean time per level.
                   A        B        C        D        E       F      G
               +--------+--------+--------+--------+--------+-----+--------+
         Total |   1772 |   1742 |     30 |    123 |   1183 |   3 |  590.7 |
       Dungeon |   1772 |   1742 |     30 |    123 |   1183 |   3 |  590.7 |
               +--------+--------+--------+--------+--------+-----+--------+

Top non-repeatable levels by time:
     D:2: 808 daAuts
     D:1: 787 daAuts
     D:3: 176 daAuts
